 Dungeon Crawl Stone Soup version 0.27.1-34-g3ba077fa99 (webtiles) character file.

Game seed: 3735692427208747626

1175 safid the Cleaver (level 8, 0/66 HPs)
             Began as a Hill Orc Fighter on Jan 17, 2022.
             Slain by an ogre (12 damage)
             ... on level 6 of the Dungeon.
             The game lasted 00:07:43 (6336 turns).

safid the Cleaver (Hill Orc Fighter)                Turns: 6336, Time: 00:07:43

Health: 0/66       AC:  8    Str: 21    XL:     8   Next: 41%
Magic:  8/8        EV: 12    Int:  8    God:
Gold:   199        SH: 11    Dex: 10    Spells: 7/7 levels left

rFire    . . .     SeeInvis .   y - +2 whip (elec)
rCold    . . .     Faith    .   c - +0 kite shield
rNeg     . . .     Spirit   .   b - +0 scale mail
rPois    +         Reflect  .   (no helmet)
rElec    .         Harm     .   (no cloak)
rCorr    .         Rampage  .   (no gloves)
Will     .....                  t - +0 pair of boots
Stlth    ..........             (no amulet)
HPRegen  0.21/turn              p - +4 ring of evasion
MPRegen  0.11/turn              u - ring of poison resistance

@: no status effects
A: no striking features
a: no special abilities


You were on level 6 of the Dungeon.
You visited 1 branch of the dungeon, and saw 6 of its levels.

You collected 199 gold pieces.

Inventory:

Hand Weapons
 a - a +0 war axe
 y - a +2 whip of electrocution (weapon)
Missiles
 v - 17 poisoned darts (quivered)
Armour
 b - a +0 scale mail (worn)
 c - a +0 kite shield (worn)
 t - a +0 pair of boots (worn)
Jewellery
 p - a +4 ring of evasion (left hand)
 u - a ring of poison resistance (right hand)
Wands
 l - a wand of charming (10)
 m - a wand of paralysis (4)
 w - a wand of flame (10)
Scrolls
 g - 3 scrolls of teleportation {unknown}
 h - a scroll of enchant weapon {unknown}
 i - a scroll of noise {unknown}
 j - 5 scrolls of identify {unknown}
 n - 2 scrolls of amnesia {unknown}
 o - a scroll of fog {unknown}
 r - a scroll of magic mapping {unknown}
 x - a scroll of enchant armour {unknown}
Potions
 d - 3 potions of might
 e - a potion of flight {unknown}
 f - 3 potions of curing {unknown}
 k - a potion of heal wounds {unknown}
 q - a potion of ambrosia {unknown}
 s - a potion of attraction {unknown}
 z - a potion of magic {unknown}
 A - 2 potions of brilliance {unknown}


   Skills:
 - Level 4.0 Fighting
 + Level 9.1 Axes
 - Level 4.0 Armour
 + Level 8.0 Shields


You had 7 spell levels left.
You didn't know any spells.
Your spell library contained the following spells:

 Spells                   Type           Power      Damage    Failure   Level
 Animate Skeleton         Necr           0%         N/A       96%         1
 Corona                   Hex            0%         N/A       96%         1
 Freeze                   Ice            0%         1d3       96%         1
 Pain                     Necr           0%         1d4       96%         1
 Summon Small Mammal      Summ           0%         N/A       96%         1
 Ensorcelled Hibernation  Hex/Ice        0%         N/A       99%         2
 Call Canine Familiar     Summ           0%         N/A       100%        3
 Frozen Ramparts          Ice            0%         1d2       100%        3
 Summon Guardian Golem    Hex/Summ       0%         N/A       100%        3
 Tukima's Dance           Hex            0%         N/A       100%        3
 Vampiric Draining        Necr           0%         2d6       100%        3
 Hailstorm                Conj/Ice       0%         3d3       100%        4


Dungeon Overview and Level Annotations

Branches:
Dungeon (6/15)             Temple (0/1) D:4

Altars:
Makhleb


Message History

You hit the ogre. Lightning courses through the ogre!
The ogre is almost dead.
The centaur hits you. You block the centaur's attack.
The ogre hits you with a +0 giant club!
You are too injured to fight recklessly!
You are too injured to fight recklessly!
You are too injured to fight recklessly!
You are too injured to fight recklessly!
You are too injured to fight recklessly!
You are too injured to fight recklessly!
You are too injured to fight recklessly!
You are too injured to fight recklessly!
You are too injured to fight recklessly!
You are too injured to fight recklessly!
You are too injured to fight recklessly!
You are too injured to fight recklessly!
You are too injured to fight recklessly!
You are too injured to fight recklessly!
You are too injured to fight recklessly!
You are too injured to fight recklessly!
You are too injured to fight recklessly!
You are too injured to fight recklessly!
You are too injured to fight recklessly!
You are too injured to fight recklessly!
You hit the centaur but do no damage. The centaur completely misses you.
You block the centaur's attack.
The centaur hits you but does no damage.
The centaur misses you.
The ogre hits you with a +0 giant club!!
* * * LOW HITPOINT WARNING * * *
Unknown command.
You hit the centaur.
The centaur is lightly wounded.
The centaur barely misses you. You block the centaur's attack.
The centaur closely misses you. You block the centaur's attack.
Unknown command.
You hit the centaur but do no damage. Lightning courses through the centaur!!
The centaur is almost dead.
The ogre hits you with a +0 giant club!
You die...

#.. #.# .. ... #.# .#
... #.# .# ..# #.#
##.# ##.. #.# #..#
... #.# ##.# ##.#
#.###..###..#
######.........@#
##..............Oc..#
#.........[.......###
...........>.....##
.................#
..........<......#
.................#
........†.........
#............#####


You could see an ogre and a centaur.

Vanquished Creatures
  Pikel (D:5)
  Menkaure (D:5)
  An ogre (D:4)
  A necrophage (D:5)
  4 lemures
  2 scorpions
  2 hounds
  Natasha (twice) (D:2)
  An iguana (D:5)
  A killer bee zombie (D:5)
  2 hound skeletons
  5 adders
  An adder skeleton (D:4)
  3 worms (D:2)
  3 dart slugs
  3 orcs (D:5)
  8 ball pythons
  3 bats
  7 endoplasms
  4 giant cockroaches
  5 goblins
  4 hobgoblins
  4 jackals (D:5)
  6 quokkas
  2 frilled lizards
  9 kobolds
  6 rats
91 creatures vanquished.

Notes
Turn   | Place    | Note
-------+----------+-------------------------------------------
     0 | D:1      | safid the Hill Orc Fighter began the quest for the Orb.
     0 | D:1      | Reached XP level 1. HP: 19/19 MP: 1/1
   171 | D:1      | Reached XP level 2. HP: 27/27 MP: 2/2
   218 | D:1      | Reached skill level 3 in Axes
   584 | D:1      | Reached XP level 3. HP: 29/33 MP: 3/3
   820 | D:2      | Found a faded altar of an unknown god.
   980 | D:2      | Noticed Natasha
   989 | D:2      | Killed Natasha
   990 | D:2      | Reached XP level 4. HP: 12/40 MP: 4/4
  1296 | D:2      | Reached skill level 4 in Axes
  1715 | D:2      | Found a burning altar of Makhleb.
  2000 | D:2      | Noticed Natasha
  2015 | D:2      | Killed Natasha
  2016 | D:2      | Reached XP level 5. HP: 30/46 MP: 5/5
  2578 | D:3      | Reached skill level 5 in Axes
  3003 | D:4      | Reached skill level 5 in Shields
  3165 | D:4      | Found a staircase to the Ecumenical Temple.
  3418 | D:4      | Reached XP level 6. HP: 51/52 MP: 6/6
  3567 | D:5      | Entered Level 5 of the Dungeon
  3630 | D:5      | Noticed a necrophage
  3635 | D:5      | Killed a necrophage
  3636 | D:5      | Reached skill level 6 in Axes
  3785 | D:5      | HP: 1/52 [ogre (18)]
  4381 | D:5      | Reached XP level 7. HP: 48/59 MP: 7/7
  4523 | D:5      | Noticed Menkaure
  4910 | D:5      | Killed Menkaure
  4911 | D:5      | Reached skill level 7 in Axes
  5250 | D:5      | Noticed Pikel
  5256 | D:5      | HP: 2/59 [Pikel (17)]
  6039 | D:5      | Killed Pikel
  6040 | D:5      | Reached skill level 9 in Axes
  6040 | D:5      | Reached XP level 8. HP: 34/66 MP: 8/8
  6336 | D:6      | Slain by an ogre

Illustrated notes

Levels and vault maps discovered:
D:1:      erik_arrival_orb_chamber, layout_rooms
D:2:      layout_loops_corners, basic_altar, shapermc_ecumenical_altar_pompeii,
          st_stairs_10, uniq_natasha
D:3:      layout_loops_ring
D:4:      layout_basic, minmay_temple_entry_grid, minmay_misc_feat_room,
          kennysheep_small_spiral
D:5:      layout_basic, uniq_pikel, uniq_menkaure
D:6:      layout_rooms, ebering_ghost_xom, minmay_misc_feat_rugged

Skill      XL: |  1  2  3  4  5  6  7  8 |
---------------+-------------------------+-----
Axes           | 3 4 5 6 9 |  9.1
Fighting       | 4 |  4.0
Armour         | 4 |  4.0
Shields        | 4 5 6 7 8 |  8.0

Action                   |  1- 3 |  4- 6 |  7- 9 || total
-------------------------+-------+-------+-------++-------
Melee: War axe           |    80 |   179 |    80 ||   339
       Whip              |       |       |    10 ||    10
Throw: Dart              |       |     3 |       ||     3
Armor: Scale mail        |    32 |    71 |    33 ||   136
Dodge: Dodged            |    21 |    55 |    60 ||   136
Block: Kite shield       |    39 |   100 |    58 ||   197
